 Dungeon Crawl Stone Soup version bcrawl-1.14 (webtiles) character file.

Game seed: 2721092286172600907

6533 MisterOstroum the Fighter (level 10, -11/109 HPs)
             Began as a Pale Draconian Transmuter on Sept 8, 2019.
             Was a Believer of Kikubaaqudgha.
             Mangled by a yak (13 damage)
             ... on level 9 of the Dungeon.
             The game lasted 00:59:02 (13426 turns).

MisterOstroum the Fighter (DrTm)                   Turns: 13426, Time: 00:59:03

Health: -11/109    AC:  6    Str: 15    XL:     10   Next: 69%
Magic:  0/17       EV: 17    Int: 15    God:    Kikubaaqudgha [**....]
Gold:   938        SH:  0    Dex: 11    Spells: 13/19 levels left

rFire    . . .     SeeInvis .     - Unarmed
rCold    + + +     Gourm    .   (shield currently unavailable)
rNeg     . . .     Faith    .   (armour unavailable)
rPois    +         Spirit   +   (helmet currently unavailable)
rElec    .         Reflect  .   (cloak currently unavailable)
rCorr    .         Harm     .   (gloves currently unavailable)
MR       .....                  (boots currently unavailable)
Stlth    +.........             C - amulet of guardian spirit
HPRegen  0.28/turn              t - ring of protection from fire
MPRegen  0.15/turn              I - +6 ring of evasion

@: ice-form, lightly drained
A: large, (breathe steam), unfitting armour, AC +7
a: End Transformation, Receive Corpses, Renounce Religion


You were on level 9 of the Dungeon.
You worshipped Kikubaaqudgha.
Kikubaaqudgha was pleased with you.
You were not hungry.
You were a creature of crystalline ice.
You visited 2 branches of the dungeon, and saw 10 of its levels.

You collected 938 gold pieces.

Inventory:

Hand Weapons
 a - a +0 hunting sling
 v - a +0 trident
 w - a +1 dagger of pain
 y - a +2 dagger of holy wrath
Missiles
 d - 1977 stones (quivered)
 h - 983 arrows
 x - 192 tomahawks
 G - 195 sling bullets
Armour
 g - a +0 pair of boots (melded)
 p - a +0 large shield
 H - a +0 pair of gloves
 M - a +2 cloak
Magical Staves
 D - an uncursed staff of fire
Jewellery
 t - a ring of protection from fire (left front paw)
 C - an amulet of guardian spirit (around neck)
 I - a +6 ring of evasion (right front paw)
 J - an uncursed amulet of faith {unknown}
 K - an uncursed ring of stealth {unknown}
Wands
 n - a wand of flame (2)
 u - a wand of polymorph (6)
Scrolls
 c - a scroll of magic mapping {unknown}
 i - 4 scrolls of enchant weapon
 j - 4 scrolls of remove curse {@r2}
 k - 4 scrolls of teleportation {unknown}
 l - 2 scrolls of fear {unknown}
 m - 6 scrolls of identify {@r1}
 q - 2 scrolls of amnesia
 B - a scroll of fog {unknown}
 F - 2 scrolls of blinking {unknown}
Potions
 b - 2 potions of lignification {@q6}
 f - a potion of mutation {unknown}
 o - a potion of heal wounds {unknown}
 r - a potion of curing {@q1 !q}
 s - 3 potions of brilliance
 z - 2 potions of degeneration
 A - 2 potions of flight
 E - a potion of might {@q3 !q}
 L - a potion of haste {unknown}
Comestibles
 e - 24 rations {!d}


   Skills:
 + Level 9.4(9.2) Fighting
 - Level 1.0(0.8) Slings
 - Level 5.0(4.8) Dodging
 - Level 5.0(4.8) Unarmed Combat
 - Level 5.0(4.8) Spellcasting
 - Level 4.6(4.4) Necromancy
 - Level 7.4(7.1) Transmutations
   Level 7.0(6.8) Ice Magic


You had 13 spell levels left.
You knew the following spells:

 Your Spells              Type           Power        Failure   Level  Hunger
a - Pain                  Necr           ###.         2%          1    None
b - Sticks to Snakes      Tmut           ####....     1%          2    ##.....
d - Beastly Appendage     Tmut           ####..       1%          1    None
S - Sublimation of Blood  Necr           ###.......   4%          2    ##.....

Your spell library contained the following spells:

 Spells                   Type           Power        Failure   Level  Hunger
 Animate Skeleton         Necr           N/A          2%          1    None
 Ice Form                 Ice/Tmut       ###.....     10%         4    ####...
 Spider Form              Tmut/Pois      ##.          12%         3    ###....
 Regeneration             Chrm/Necr      ##........   21%         3    ###....
 Blade Hands              Tmut           ####......   24%         5    ######.
 Iskenderun's Battlesphe  Conj/Chrm      #.......     99%         5    ######.
 Iron Shot                Conj/Erth      #.........   100%        6    #######
 Poison Arrow             Conj/Pois      #.........   100%        6    #######
 Orb of Destruction       Conj           #.........   100%        7    #######
 Spellforged Servitor     Conj/Summ      #.........   100%        7    #######


Dungeon Overview and Level Annotations

Branches:
Dungeon (9/12)             Temple (1/1) D:5            Lair (0/6) D:9
    Orc: D:8-11

Altars:
Ashenzari
Cheibriados
Dithmenos
Elyvilon
Fedhas
Gozag
Hepliaklqana
Kikubaaqudgha
Lugonu
Nemelex Xobeh
Okawaru
Qazlal
Ru
Sif Muna
Trog
Uskayaw
Vehumet
Wu Jian
Xom
Yredelemnul
Zin

Shops:
D:4 [


Innate Abilities, Weirdness & Mutations

((You can breathe blasts of scalding, opaque steam.))
((Your pale cyan-grey scales are hard. (AC +7)))
You cannot fit into any form of body armour.
((You are cold-blooded and may be slowed by cold attacks.))


Message History

Your transformation is almost over.
You warm up again.
Your +0 pair of boots unmelds from your body.
You are feeling very hungry.
You see here a +0 giant spiked club.
There is an open door, spattered with blood here.
Things that are here:
a +0 troll leather armour; a troll corpse You butcher the troll corpse.
N - 3 chunks of flesh
There is an open door, spattered with blood here.
Things that are here:
a +0 troll leather armour; a troll skeleton
There is an open door, spattered with blood here.
Things that are here:
a +0 troll leather armour; a troll skeleton Eating one of 3 chunks of flesh.
You eat one of the 3 chunks of flesh.
This raw flesh tastes terrible.
i - 5 scrolls labeled WUPTYISHRITS (gained 1)
A kobold comes into view. It is wielding a -1 dagger.
A kobold is nearby! 2 kobolds come into view.
A kobold is wielding a +0 dagger of venom.
A kobold, a big kobold and a two-headed ogre come into view.
The big kobold shouts!
The two-headed ogre shouts in stereo!
The kobold shouts!
A kobold comes into view. It is wielding a +0 short sword.
Casting: Pain (safe; 2% risk of failure)
Confirm with . or Enter, or press ? or * to list all spells.
Aiming: Pain (safe; 2% risk of failure)
Press: ? - help, Shift-Dir - straight line, f - kobold
Aim: a kobold, wielding a +0 dagger of venom (chance to defeat MR: 87%)
The kobold writhes in agony!
You kill the kobold!
Kikubaaqudgha accepts your kill.
The kobold shouts!
You hear a bark!
A jackal comes into view. x2
A centaur warrior comes into view.
The kobold throws a stone.
The stone completely misses you.
The centaur warrior moves out of view.
There is an open door, spattered with blood here.
Things that are here:
a +0 troll leather armour; a troll skeleton As you close the door, pushing everything out of the way, it creaks loudly!
You open the door.
There is an open door here.
As you close the door, it creaks loudly!
You hear a bellow! x3
A yak comes into view.
Found a glowing short sword.
The yak bellows!
The yak closely misses you.
A yak comes into view.
Casting: Pain (safe; 2% risk of failure)
Confirm with . or Enter, or press ? or * to list all spells.
You don't know that spell.
Casting: Pain (safe; 2% risk of failure)
Confirm with . or Enter, or press ? or * to list all spells.
You turn into a creature of crystalline ice.
Your +0 pair of boots melds into your body.
The yak gores you!
You hit the yak. You freeze the yak.
The yak is lightly wounded.
The yak misses you.
A yak comes into view.
You barely miss the yak.
The yak is lightly wounded.
The yak barely misses you.
You punch the yak! You freeze the yak.
The yak is moderately wounded.
Something unseen opens the door.
You punch the yak! You freeze the yak.
The yak is severely wounded.
The yak gores you! The yak gores you! x3
The yak misses you. The yak gores you.
Number of times to repeat, then command key: You must enter the number of times for the command to repeat.
Unknown command.
As you read the scroll labeled WUPTYISHRITS, it crumbles to dust.
It is a scroll of enchant weapon.
Your +0 dagger of pain glows red for a moment.
The yak gores you! x2; The yak gores you but does no damage.
The yak gores you but does no damage. The yak gores you but does no damage.
The two-headed ogre hits you with a +0 giant club!!
* * * LOW HITPOINT WARNING * * *
The two-headed ogre hits you with a +0 giant club!!
* * * LOW HITPOINT WARNING * * *
As you read the scroll labeled HITIUSH ENGUNWOR, it crumbles to dust.
It is a scroll of amnesia.
Forget Ice Form, freeing 4 spell levels for a total of 13?
Your memory of Ice Form unravels.
All of the chunks of flesh in your inventory have rotted away.
The yak closely misses you. The two-headed ogre misses you.
The two-headed ogre closely misses you. The yak closely misses you.
The yak gores you.
* * * LOW HITPOINT WARNING * * *
The yak gores you!
You die...
Kikubaaqudgha rasps: "You have failed me!
Welcome... death!"

.....#...#.S.#........#...h...#
.....#..###+###..##...#.....O.###
...###'####.####O############....
...'.........#..............'....
...#.........#..............#....
...##...########.###...##..##..K.
#'###...############hK.##.. ##'#.
#...#..........#YYKK)..#.. .#.
'...#..........#YOY....#. .#.
#####################..## .#
..............# ##### ###
..............+ ..##...
..............# ......
..............# ###....#..
..............###+##.#...#...
...#'#####...........#..#.)>.
...#....^#...............#...


You could see a two-headed ogre, 3 yaks, a big kobold, a jackal and 2 kobolds.

Vanquished Creatures
  A two-headed ogre (D:8)
  A death yak (D:9)
  Pikel (D:7)
  An ugly thing (D:9)
  2 trolls
  A hornet (D:8)
  A hippogriff (D:6)
  A wyvern (D:6)
  A hungry ghost (D:7)
  A soldier ant (D:9)
  A slave (D:7)
  2 orc warriors (D:9)
  A sky beast (D:8)
  A necrophage (D:7)
  3 phantoms
  2 ice beasts
  A centaur (D:5)
  5 ogres
  A crocodile (D:9)
  A bullfrog (D:9)
  Blork the orc (D:6)
  A wyvern zombie (D:6)
  2 scorpions
  2 howler monkeys (D:7)
  2 crimson imps
  A centaur zombie (D:3)
  4 orc priests
  3 hounds
  A jelly (D:5)
  9 orc wizards
  A centaur skeleton (D:5)
  3 iguanas
  2 hell rats
  12 worker ants
  A killer bee zombie (D:5)
  A hound zombie (D:7)
  A gnoll (D:5)
  8 adders
  8 river rats
  A shadow imp (D:7)
  2 oozes
  6 worms
  5 dart slugs
  5 leopard geckos
  34 orcs
  7 giant cockroaches
  7 goblins
  9 hobgoblins
  8 jackals
  10 kobolds
  12 quokkas
  A ball python (D:2)
  7 bats
  5 frilled lizards
  A quokka skeleton (D:5)
  20 rats
232 creatures vanquished.

Vanquished Creatures (collateral kills)
  An ogre (D:9)
  A scorpion (D:4)
  An iguana (D:2)
  2 adders (D:3)
  An ooze (D:3)
  3 orcs (D:3)
  A leopard gecko zombie (D:5)
10 creatures vanquished.

Vanquished Creatures (others)
  2 orcs (D:7)
2 creatures vanquished.

Grand Total: 244 creatures vanquished

Notes
Turn   | Place    | Note
-------+----------+-------------------------------------------
     0 | D:1      | MisterOstroum the Draconian Transmuter began the quest for
                  | the Orb.
     0 | D:1      | Reached XP level 1. HP: 16/16 MP: 3/3
   186 | D:1      | Reached XP level 2. HP: 23/23 MP: 5/5
   439 | D:1      | Reached XP level 3. HP: 28/28 MP: 6/6
   978 | D:2      | Learned a level 2 spell: Sticks to Snakes
  1044 | D:2      | Reached skill level 2 in Fighting
  1044 | D:2      | Reached XP level 4. HP: 5/37 MP: 5/7
  1582 | D:2      | Learned a level 4 spell: Ice Form
  1633 | D:2      | Reached skill level 1 in Slings
  1666 | D:2      | Found a shadowy altar of Dithmenos.
  1746 | D:2      | Reached skill level 3 in Fighting
  2325 | D:3      | Reached XP level 5. HP: 45/45 MP: 8/8
  2335 | D:3      | Reached skill level 1 in Ice Magic
  3158 | D:3      | Reached XP level 6. HP: 28/51 MP: 9/9
  4727 | D:4      | Found Siuzaere's Armour Boutique.
  4784 | D:4      | Your scales start taking on a pale cyan-grey colour.
  4784 | D:4      | Reached XP level 7. HP: 57/57 MP: 1/10
  4936 | D:4      | Found a shimmering altar of Xom.
  5152 | D:4      | Reached skill level 5 in Transmutations
  5381 | D:5      | Entered Level 5 of the Dungeon
  5393 | D:5      | Reached skill level 5 in Ice Magic
  5720 | D:5      | Found a radiant altar of Vehumet.
  5850 | D:5      | Reached XP level 8. HP: 32/63 MP: 8/13
  6166 | D:5      | Found a staircase to the Ecumenical Temple.
  6175 | Temple   | Entered the Ecumenical Temple
  6315 | Temple   | Became a worshipper of Kikubaaqudgha
  6348 | D:5      | Noticed a moth of wrath
  6351 | D:5      | Found a bloodstained altar of Trog.
  6731 | D:5      | Reached skill level 5 in Spellcasting
  6802 | D:5      | Reached * piety under Kikubaaqudgha
  6802 | D:5      | Identified Kikubaaqudgha's Disquisition on Black Secrets
                  | (Kikubaaqudgha gifted it to you on level 5 of the Dungeon)
  6802 | D:5      | Received a gift from Kikubaaqudgha
  7234 | D:5      | Found a glowing silver altar of Zin.
  7262 | D:5      | Learned a level 1 spell: Pain
  7936 | D:6      | Noticed Blork the orc
  7946 | D:6      | Killed Blork the orc
  8250 | D:6      | Reached skill level 1 in Necromancy
  8414 | D:6      | Noticed a hippogriff
  8422 | D:6      | Killed a hippogriff
  8422 | D:6      | Reached XP level 9. HP: 70/70 MP: 6/16
  9159 | D:7      | Reached ** piety under Kikubaaqudgha
  9233 | D:7      | Reached skill level 4 in Fighting
  9364 | D:7      | Reached skill level 5 in Unarmed Combat
  9439 | D:7      | Noticed Pikel
  9450 | D:7      | Killed Pikel
  9450 | D:7      | Reached skill level 6 in Fighting
  9823 | D:7      | Noticed a +0 hand axe
  9823 | D:7      | Noticed a +0 hand axe
  9826 | D:7      | Found a hide-covered altar of Uskayaw.
 10154 | D:8      | Found a shattered altar of Ashenzari.
 10486 | D:8      | Noticed a two-headed ogre
 10503 | D:9      | Reached skill level 5 in Dodging
 10507 | D:9      | Reached XP level 10. HP: 41/83 MP: 7/17
 10913 | D:8      | Killed a two-headed ogre
 10913 | D:8      | Reached skill level 7 in Fighting
 11698 | D:8      | Learned a level 2 spell: Sublimation of Blood
 11938 | D:9      | Noticed a death yak
 11946 | D:8      | Found an iron altar of Okawaru.
 11949 | D:8      | Found a radiant altar of Vehumet.
 12203 | D:9      | Killed a death yak
 12203 | D:9      | Reached skill level 8 in Fighting
 12474 | D:9      | Noticed a cyan ugly thing
 12501 | D:9      | Killed a brown ugly thing
 12835 | D:9      | Found a staircase to the Lair.
 12835 | D:9      | Noticed a death yak
 12836 | D:9      | Noticed a death yak
 13077 | D:9      | Reached skill level 9 in Fighting
 13387 | D:9      | Noticed a two-headed ogre
 13389 | D:9      | Noticed a centaur warrior
 13423 | D:9      | HP: 3/109 [two-headed ogre/+0 giant club (16)]
 13426 | D:9      | Mangled by a yak

Skill      XL: |  1  2  3  4  5  6  7  8  9 10 |
---------------+-------------------------------+-----
Unarmed Combat | 4 5 |  5.0
Fighting       | 2 3 6 9 |  9.4
Slings         | 1 |  1.0
Ice Magic      | 2 4 5 6 7 |  7.0
Transmutations | 3 4 5 7 |  7.4
Spellcasting   | 3 5 |  5.0
Necromancy     | 1 4 |  4.6
Dodging        | 5 |  5.0

Action                   |  1- 3 |  4- 6 |  7- 9 | 10-12 || total
-------------------------+-------+-------+-------+-------++-------
Melee: Unarmed           |    65 |   109 |   294 |    88 ||   556
       Tailslap          |     3 |    15 |     3 |       ||    21
       Kick              |     3 |       |       |       ||     3
       Punch             |       |     2 |     1 |       ||     3
       Headbutt          |       |     5 |       |       ||     5
 Fire: Hunting sling     |    59 |   211 |   141 |       ||   411
Throw: Stone             |       |     3 |     1 |       ||     4
 Cast: Beastly Appendage |     2 |     4 |     1 |       ||     7
       Sticks to Snakes  |       |    16 |     4 |     5 ||    25
       Ice Form          |       |     2 |    24 |     5 ||    31
       Pain              |       |       |     7 |     5 ||    12
 Abil: End Transformatio |       |     1 |     3 |     1 ||     5
Evoke: Wand              |       |       |       |     1 ||     1
  Use: Potion            |     1 |       |     1 |     3 ||     5
       Scroll            |       |     2 |     2 |     2 ||     6
 Stab: Sleeping          |       |     1 |     1 |       ||     2
       Distracted        |       |     1 |       |       ||     1
  Eat: Chunk             |       |    11 |    22 |     6 ||    39
       Ration            |       |     1 |     1 |     1 ||     3
Armor: Skin              |    56 |    46 |   112 |    15 ||   229
Dodge: Dodged            |    49 |   138 |   190 |    83 ||   460
